 Dungeon Crawl Stone Soup version 0.30-a0-390-g80c34de65d (webtiles) character file.

Game seed: 14427287563184240051

270 arthad the Magician (level 6, -1/44 HPs)
             Began as a Gnoll Hedge Wizard on Dec 4, 2022.
             Slain by an ogre
             ... wielding a +0 giant club
              (13 damage)
             ... on level 5 of the Dungeon.
             The game lasted 00:08:25 (1976 turns).

arthad the Magician (Gnoll Hedge Wizard)            Turns: 1976, Time: 00:08:25

Health: -1/44      AC:  3    Str:  9    XL:     6   Next: 22%
Magic:  9/16       EV: 13    Int: 15    God:
Gold:   65         SH:  0    Dex: 12    Spells: 14/19 levels left

rFire   . . .      SeeInvis .    a - +0 dagger
rCold   . . .      Faith    .    (no shield)
rNeg    . . .      Spirit   .    b - +0 robe
rPois   .          Reflect  .    c - +0 hat
rElec   .          Harm     .    k - +0 cloak
rCorr   .          Rampage  .    (no gloves)
Will    .....                    (no boots)
Stlth   +++.......               (no amulet)
HPRegen 0.27/turn                (no ring)
MPRegen 0.15/turn                (no ring)

@: no status effects
A: fangs 1, strong nose, distributed training
a: no special abilities


You were on level 5 of the Dungeon.
You visited 1 branch of the dungeon, and saw 4 of its levels.

You collected 65 gold pieces.

Inventory:

Hand Weapons
 a - a +0 dagger (weapon)
 d - a +0 broad axe
 m - a +0 battleaxe
Missiles
 j - 9 poisoned darts
Armour
 b - a +0 robe (worn)
 c - a +0 hat (worn)
 k - a +0 cloak (worn)
Magical Staves
 h - a staff of air
 s - a staff of cold
Scrolls
 e - a scroll of amnesia {unknown}
 f - a scroll of teleportation {unknown}
 g - 8 scrolls of identify {unknown}
 i - 2 scrolls of enchant armour {unknown}
 l - a scroll of noise {unknown}
 n - a scroll of fear {unknown}
Potions
 o - 3 potions of curing
 p - a potion of flight {unknown}
 q - a potion of magic
 r - a potion of berserk rage {unknown}


   Skills:
 + Level 2.0 Fighting
 + Level 2.0 Short Blades
 + Level 2.0 Long Blades
 + Level 2.0 Axes
 + Level 2.0 Maces & Flails
 + Level 2.0 Polearms
 + Level 2.0 Staves
 + Level 2.0 Ranged Weapons
 + Level 2.0 Throwing
 + Level 2.0 Armour
 + Level 5.0 Dodging
 + Level 4.6 Stealth
 + Level 2.0 Shields
 + Level 2.0 Unarmed Combat
 + Level 7.4 Spellcasting
 + Level 2.6 Conjurations
 + Level 1.5 Hexes
 + Level 2.6 Summonings
 + Level 1.5 Necromancy
 + Level 2.6 Translocations
 + Level 1.5 Transmutations
 + Level 1.5 Fire Magic
 + Level 1.5 Ice Magic
 + Level 1.5 Air Magic
 + Level 1.5 Earth Magic
 + Level 1.5 Poison Magic
 + Level 2.1 Invocations
 + Level 2.0 Evocations


You had 14 spell levels left.
You knew the following spells:

 Your Spells              Type           Power      Damage    Failure   Level
a - Magic Dart            Conj           52%        1d5       4%          1
b - Blink                 Tloc           26%        N/A       6%          2
c - Call Imp              Summ           13%        N/A       6%          2

Your spell library contained the following spells:

 Spells                   Type           Power      Damage    Failure   Level
 Slow                     Hex            40%        N/A       7%          1
 Cigotuvi's Dreadful Rot  Necr/Pois/Air  20%        N/A       11%         2
 Gell's Gravitas          Tloc           13%        N/A       13%         3
 Lesser Beckoning         Tloc           26%        N/A       13%         3
 Teleport Other           Tloc           13%        N/A       13%         3
 Mephitic Cloud           Conj/Pois/Air  11%        N/A       17%         3


Dungeon Overview and Level Annotations

Branches:
Dungeon (3/15)

Altars:
Hepliaklqana

Shops:
D:1 ??[*


Innate Abilities, Weirdness & Mutations

You have very sharp teeth.
Your uncanny sense of smell can sniff out nearby items.
Your experience applies equally to all skills.


Message History

The quokka attacks as you move away! The quokka closely misses you.
Your crimson imp blinks!
There is a stone staircase leading up here.
Casting: Blink (safe; 6% risk of failure)
Confirm with . or Enter, or press ? or * to list all spells.
You are still too unstable to blink.
Aiming: Magic Dart (safe; 4% risk of failure)
Press: ? - help, Q - select action, (/) - cycle Shift-Dir - straight line, f - ogre
Aim: an ogre, wielding a +0 giant club (100% to hit)
The magic dart hits the ogre.
The ogre is lightly wounded.
The quokka barely misses you. The ogre hits you with a +0 giant club!
* * * LOW HITPOINT WARNING * * *
Unknown command.
Aiming: Magic Dart (safe; 4% risk of failure)
Press: ? - help, Q - select action, (/) - cycle Shift-Dir - straight line, f/p - ogre
Aim: an ogre, wielding a +0 giant club (lightly wounded, ally target, 100% to hit)
The magic dart hits the ogre.
The ogre is lightly wounded.
The quokka bites you.
* * * LOW HITPOINT WARNING * * *
The ogre closely misses you.
Unknown command.
Unknown command.
Aiming: Magic Dart (safe; 4% risk of failure)
Press: ? - help, Q - select action, (/) - cycle Shift-Dir - straight line, f/p - ogre
Aim: an ogre, wielding a +0 giant club (lightly wounded, ally target, 100% to hit)
The magic dart hits the ogre.
The ogre is moderately wounded.
You feel stable enough to blink again.
The quokka bites you but does no damage.
The quokka misses you.
Unknown command.
Aiming: Magic Dart (safe; 4% risk of failure)
Press: ? - help, Q - select action, (/) - cycle Shift-Dir - straight line, f/p - ogre
Aim: an ogre, wielding a +0 giant club (moderately wounded, ally target, 100% to hit)
The magic dart hits the ogre.
The ogre is moderately wounded.
The ogre hits you with a +0 giant club!
You die...

# #8...8##. ##.....#
.# . 8.....8 .### ...
#..... ..###....
#8...8 ####....####
##_## #..O@.......
###########..r..##.###
........##......#
#######..5......#
####......# #......#
#......# #......#
#......#


You could see an ogre (ally target), a quokka and a friendly crimson imp
(summoned).

Vanquished Creatures
  Sigmund (D:2)
  Terence (D:2)
  5 adders (D:2)
  2 dart slugs (D:1)
  3 ball pythons (D:1)
  3 endoplasms (D:1)
  5 goblins
  5 hobgoblins
  A quokka (D:1)
  4 bats
  4 kobolds (D:1)
  2 rats (D:2)
36 creatures vanquished.

Notes
Turn   | Place    | Note
-------+----------+-------------------------------------------
     0 | D:1      | arthad the Gnoll Hedge Wizard began the quest for the Orb.
     0 | D:1      | Reached XP level 1. HP: 13/13 MP: 8/8
    28 | D:1      | Found Tony's Magic Scroll Boutique.
    29 | D:1      | Found Huihau's Magic Scroll Shop.
   197 | D:1      | Reached XP level 2. HP: 9/19 MP: 0/10
   438 | D:1      | Found Ipnac's Antique Armour Shoppe.
   489 | D:1      | Found Wephol's General Store.
   729 | D:1      | Reached XP level 3. HP: 25/25 MP: 6/11
   991 | D:2      | Noticed Sigmund
  1024 | D:2      | Killed Sigmund
  1025 | D:2      | Reached skill level 1 in Fighting
  1025 | D:2      | Reached skill level 1 in Short Blades
  1025 | D:2      | Reached skill level 1 in Long Blades
  1025 | D:2      | Reached skill level 1 in Axes
  1025 | D:2      | Reached skill level 1 in Maces & Flails
  1025 | D:2      | Reached skill level 1 in Polearms
  1025 | D:2      | Reached skill level 1 in Staves
  1025 | D:2      | Reached skill level 1 in Ranged Weapons
  1025 | D:2      | Reached skill level 1 in Throwing
  1025 | D:2      | Reached skill level 1 in Armour
  1025 | D:2      | Reached skill level 1 in Shields
  1025 | D:2      | Reached skill level 1 in Unarmed Combat
  1025 | D:2      | Reached skill level 1 in Hexes
  1025 | D:2      | Reached skill level 1 in Necromancy
  1025 | D:2      | Reached skill level 1 in Transmutations
  1025 | D:2      | Reached skill level 1 in Fire Magic
  1025 | D:2      | Reached skill level 1 in Ice Magic
  1025 | D:2      | Reached skill level 1 in Air Magic
  1025 | D:2      | Reached skill level 1 in Earth Magic
  1025 | D:2      | Reached skill level 1 in Poison Magic
  1025 | D:2      | Reached skill level 1 in Invocations
  1025 | D:2      | Reached skill level 1 in Evocations
  1025 | D:2      | Reached XP level 4. HP: 12/33 MP: 1/13
  1025 | D:2      | Reached XP level 5. HP: 13/38 MP: 1/14
  1153 | D:2      | Learned a level 2 spell: Blink
  1215 | D:2      | Learned a level 2 spell: Call Imp
  1404 | D:2      | Noticed Terence
  1405 | D:2      | Reached XP level 6. HP: 44/44 MP: 11/16
  1425 | D:2      | Killed Terence
  1583 | D:2      | Reached skill level 5 in Dodging
  1951 | D:3      | You fall into a shaft and drop 2 floors!
  1951 | D:5      | Entered Level 5 of the Dungeon
  1951 | D:5      | Found a hazy altar of Hepliaklqana.
  1976 | D:5      | Slain by an ogre

Illustrated notes

Levels and vault maps discovered:
D:1:      minmay_arrival_cross, layout_basic, serial_shops,
          nicolae_shop_advertising_works [nicolae_subvault_shop_adworks], shop,
          nicolae_shop_waterfront, nicolae_shop_stone, minmay_box_of_dots
D:2:      layout_rooms, hangedman_decor_points, uniq_sigmund, uniq_terence
D:3:      layout_basic, led_sif_pool, pdpol_wu_jian_five_deadly_venoms
D:5:      layout_rooms, kennysheep_ying_yang, lightli_temple_of_fire,
          nicolae_overflow_hidden_temple, roderic_roman_lattice

Skill      XL: |  1  2  3  4  5  6 |
---------------+-------------------+-----
Conjurations   | 2 |  2.6
Summonings     | 2 |  2.6
Translocations | 2 |  2.6
Fighting       | 1 2 |  2.0
Short Blades   | 1 2 |  2.0
Long Blades    | 1 2 |  2.0
Axes           | 1 2 |  2.0
Maces & Flails | 1 2 |  2.0
Polearms       | 1 2 |  2.0
Staves         | 1 2 |  2.0
Ranged Weapons | 1 2 |  2.0
Throwing       | 1 2 |  2.0
Armour         | 1 2 |  2.0
Shields        | 1 2 |  2.0
Unarmed Combat | 1 2 |  2.0
Hexes          | 1 |  1.5
Necromancy     | 1 |  1.5
Transmutations | 1 |  1.5
Fire Magic     | 1 |  1.5
Ice Magic      | 1 |  1.5
Air Magic      | 1 |  1.5
Earth Magic    | 1 |  1.5
Poison Magic   | 1 |  1.5
Invocations    | 1 2 |  2.1
Evocations     | 1 2 |  2.0
Dodging        | 5 |  5.0
Stealth        | |  4.6
Spellcasting   | |  7.4

Action                   |  1- 3 |  4- 6 || total
-------------------------+-------+-------++-------
Melee: Dagger            |    20 |    34 ||    54
       Bite              |     2 |     1 ||     3
       Punch             |       |     1 ||     1
Throw: Dart              |     2 |       ||     2
 Cast: Magic Dart        |    62 |    49 ||   111
       Call Imp          |       |     2 ||     2
       Blink             |       |     1 ||     1
  Use: Potion            |     3 |       ||     3
 Stab: Sleeping          |     1 |       ||     1
Armor: Robe              |     5 |     6 ||    11
Dodge: Dodged            |    36 |    40 ||    76

Table legend: (Time is in decaauts)
 A = Elapsed time spent in this place.
 B = Non-inter-level travel time spent in this place.
 C = Inter-level travel time spent in this place.
 D = Time resting spent in this place.
 E = Time spent auto-exploring this place.
 F = Levels seen in this place.
 G = Mean time per level.
                   A        B        C        D        E       F      G
               +--------+--------+--------+--------+--------+-----+--------+
         Total |   1972 |   1893 |     79 |    267 |   1297 |   4 |  493.0 |
       Dungeon |   1972 |   1893 |     79 |    267 |   1297 |   4 |  493.0 |
               +--------+--------+--------+--------+--------+-----+--------+

Top non-repeatable levels by time:
     D:2: 987 daAuts
     D:1: 955 daAuts
     D:5: 24 daAuts
     D:3: 5 daAuts
